 Dungeon Crawl Stone Soup version 0.32-a0-799-g95e1662365 (webtiles) character file.

Game seed: 2045153803538515454

1739991 Anon1729 the Imperceptible (level 26, 232/252 HPs)
             Began as an Octopode Monk on Mar 20, 2024.
             Was the Champion of Hepliaklqana.
             Escaped with the Orb
             ... and 3 runes on Mar 21, 2024!
             The game lasted 03:56:59 (61696 turns).

Anon1729 the Imperceptible (Octopode Monk)         Turns: 61696, Time: 03:56:59

Health: 232/252    AC: 19    Str: 24    XL:     26   Next: 88%
Magic:  35/35      EV: 27    Int: 11    God:    Hepliaklqana [******]
Gold:   2537       SH:  5    Dex: 37    Spells: 22/25 levels left

rFire   + +          .
                       - Unarmed
rCold   + + +        (shield currently unavailable)
rNeg    . . .        t - melded +2 hat
rPois   +            R - amulet of reflection
rElec   +            d - +6 ring of dexterity
rCorr   +            g - +4 ring of protection
SInv    +            f - +6 ring of dexterity
Will    +....        y - ring of protection from cold
Stlth   ++++         e - +6 ring of dexterity
HPRegen 0.62/turn    b - ring of protection from cold
MPRegen 0.24/turn    c - ring of protection from cold
                     X - ring of Fangaj {rElec rC+ rCorr Int-5 SInv}

%: reflection
@: dragon-form, flying, studying 2 skills
A: dragon claw, dragon scales, breathe fire, flying, boosted hp, reduced
essence, almost no armour, amphibious, 8 rings, giant, (camouflage 1),
(gelatinous body 1), (nimble swimmer 1), (tentacles), (iridescent scales 2)
0: Orb of Zot
}: 3/15 runes: decaying, serpentine, slimy
a: Breathe Fire, Begin Untransformation, Renounce Religion, Recall Ancestor,
Ancestor Identity, Transference, Idealise


You escaped.
You worshipped Hepliaklqana.
Hepliaklqana was exalted by your worship.
You were a fearsome dragon!
You visited 9 branches of the dungeon, and saw 48 of its levels.

You collected 6873 gold pieces.
You spent 4336 gold pieces at shops.

Inventory:

Missiles
 i - 4 throwing nets
 M - 17 curare-tipped darts
Armour
 t - a +2 hat (melded)
Jewellery
 b - a ring of protection from cold (on tentacle)
 c - a ring of protection from cold (on tentacle)
 d - a +6 ring of dexterity (left foreclaw)
 e - a +6 ring of dexterity (on tentacle)
 f - a +6 ring of dexterity (on tentacle)
 g - a +4 ring of protection (right foreclaw)
 y - a ring of protection from cold (on tentacle)
 N - a ring of protection from cold
 R - an amulet of reflection (around neck)
 S - an amulet of regeneration
 W - a ring of protection from fire
 X - the ring of Fangaj (on tentacle) {rElec rC+ rCorr Int-5 SInv}
   (You bought it in a shop on level 2 of the Depths)

   [ring of resist corrosion]

   Int-5:     It affects your intelligence (-5).
   rC+:       It protects you from cold.
   rElec:     It insulates you from electricity.
   SInv:      It lets you see invisible.
   rCorr:     It protects you from acid and corrosion.
 Y - a +6 ring of strength
Talismans
 n - the serpent talisman "Qihah" {rN++ rCorr MP+9 Int-3}
   (You took it off Aizul on level 1 of the Snake Pit)

   [serpent talisman]

   Int-3:     It affects your intelligence (-3).
   rN++:      It greatly protects you from negative energy.
   MP+9:      It affects your magic capacity (+9).
   rCorr:     It protects you from acid and corrosion.
 z - the death talisman "Bibinuj" {Dex+3 Stlth+}
   (You took it off Josephina on level 2 of the Depths)

   [talisman of death]

   Dex+3:     It affects your dexterity (+3).
   Stlth+:    It makes you more stealthy.
 V - a dragon-blood talisman (active)
Wands
 u - a wand of flame (27) (quivered)
 v - a wand of paralysis (49)
 x - a wand of light (15)
 G - a wand of mindburst (12)
 K - a wand of roots (35)
 L - a wand of digging (12)
Scrolls
 k - 8 scrolls of fog
 l - 8 scrolls of teleportation
 r - 5 scrolls of vulnerability
 B - 3 scrolls of torment
 D - 2 scrolls of fear
 F - 3 scrolls of immolation
 I - a scroll of silence
 Q - a scroll of blinking
 T - 5 scrolls of poison
Potions
 a - 13 potions of ambrosia
 h - 4 potions of enlightenment
 j - 8 potions of brilliance
 m - 8 potions of attraction
 o - a potion of haste
 p - a potion of mutation
 q - 14 potions of curing
 s - 2 potions of might
 A - 3 potions of resistance
 C - 7 potions of heal wounds
 E - 6 potions of invisibility
 H - 8 potions of lignification
 O - 4 potions of berserk rage
 U - a potion of magic
Miscellaneous
 w - a box of beasts
 P - a phantom mirror
 Z - a tin of tremorstones (2/2)


   Skills:
 + Level 17.2 Fighting
 - Level 12.0 Staves
 + Level 17.0 Dodging
 + Level 26.3 Stealth
 + Level 16.6 Unarmed Combat
 - Level 4.0 Earth Magic
 + Level 16.1 Invocations
 + Level 18.9 Evocations
 * Level 20.7 Shapeshifting


You had 22 spell levels left.
You knew the following spells:

 Your Spells              Type           Power      Damage    Failure   Level
a - Passwall              Erth           8%         N/A       21%         3

Your spell library contained the following spells:

 Spells                   Type           Power      Damage    Failure   Level
 Kiss of Death            Conj/Necr      0%         2d5       34%         1
 Magic Dart               Conj           0%         1d3       34%         1
 Sting                    Conj/Alch      0%         1d3       34%         1
 Blink                    Tloc           0%         N/A       47%         2
 Call Imp                 Summ           0%         N/A       47%         2
 Cigotuvi's Dreadful Rot  Necr/Alch/Air  0%         N/A       47%         2
 Lesser Beckoning         Tloc           0%         N/A       47%         2
 Mercury Vapours          Alch/Air       0%         N/A       47%         2
 Momentum Strike          Conj/Tloc      0%         3d8       47%         2
 Searing Ray              Conj           0%         2d4       47%         2
 Sublimation of Blood     Necr           0%         N/A       47%         2
 Call Canine Familiar     Summ           0%         N/A       71%         3
 Confusing Touch          Hex            0%         N/A       71%         3
 Dazzling Flash           Conj/Hex       0%         N/A       71%         3
 Inner Flame              Hex/Fire       0%         N/A       71%         3
 Mephitic Cloud           Conj/Alch/Air  0%         N/A       71%         3
 Sigil of Binding         Hex            0%         N/A       71%         3
 Summon Ice Beast         Ice/Summ       0%         N/A       71%         3
 Tukima's Dance           Hex            0%         N/A       71%         3
 Volatile Blastmotes      Fire/Tloc      0%         2d10      71%         3
 Brom's Barrelling Bould  Conj/Erth      4%         2d3       83%         4
 Leda's Liquefaction      Alch/Erth      2%         N/A       83%         4
 Petrify                  Alch/Erth      4%         N/A       83%         4
 Lee's Rapid Deconstruct  Erth           4%         3d5*      88%         5
 Animate Dead             Necr           0%         N/A       98%         4
 Dimensional Bullseye     Hex/Tloc       0%         N/A       98%         4
 Dispel Undead            Necr           0%         3d6       98%         4
 Flame Wave               Conj/Fire      0%         2d4       98%         4
 Fulminant Prism          Conj/Alch      0%         3d5       98%         4
 Ignite Poison            Fire/Alch      0%         N/A       98%         4
 Iskenderun's Mystic Bla  Conj/Tloc      0%         2d3       98%         4
 Manifold Assault         Tloc           0%         N/A       98%         4
 Olgreb's Toxic Radiance  Alch           0%         N/A       98%         4
 Passage of Golubria      Tloc           0%         N/A       98%         4
 Sticky Flame             Fire/Alch      0%         2d4       98%         4
 Vhi's Electric Charge    Tloc/Air       0%         N/A       98%         4
 Borgnjor's Vile Clutch   Necr/Erth      2%         N/A       99%         5
 Alistair's Intoxication  Alch           0%         N/A       100%        5
 Arcjolt                  Conj/Air       0%         1d10      100%        5
 Curse of Agony           Necr           0%         N/A       100%        5
 Fireball                 Conj/Fire      0%         3d3       100%        5
 Freezing Cloud           Conj/Ice/Air   0%         6-21      100%        5
 Irradiate                Conj/Alch      0%         3d11      100%        5
 Iskenderun's Battlesphe  Conj           0%         2d6       100%        5
 Silence                  Hex/Air        0%         N/A       100%        5
 Summon Mana Viper        Hex/Summ       0%         N/A       100%        5
 Yara's Violent Unravell  Hex/Alch       0%         3d3       100%        5
 Bombard                  Conj/Erth      2%         9d1       100%        6
 Conjure Ball Lightning   Conj/Air       0%         3x3d6     100%        6
 Death Channel            Necr           0%         N/A       100%        6
 Dispersal                Tloc           0%         N/A       100%        6
 Eringya's Noxious Bog    Alch           0%         4d6       100%        6
 Permafrost Eruption      Ice/Erth       2%         2x4d2     100%        6
 Plasma Beam              Fire/Air       0%         2x1d10    100%        6
 Sculpt Simulacrum        Ice/Alch       0%         N/A       100%        6
 Haunt                    Necr/Summ      0%         N/A       100%        7
 Malign Gateway           Summ/Tloc      0%         N/A       100%        7
 Monstrous Menagerie      Summ           0%         N/A       100%        7
 Orb of Destruction       Conj           0%         9d5       100%        7
 Ozocubu's Refrigeration  Ice            0%         4d7       100%        7
 Spellforged Servitor     Conj/Summ      0%         N/A       100%        7
 Discord                  Hex            0%         N/A       100%        8
 Disjunction              Tloc           0%         N/A       100%        8
 Ignition                 Fire           0%         3d3       100%        8
 Infestation              Necr           0%         N/A       100%        8
 Summon Horrible Things   Summ           0%         N/A       100%        8


Dungeon Overview and Level Annotations

Branches:
Dungeon (15/15)            Temple (0/1) D:7            Lair (5/5) D:11
  Swamp (4/4) Lair:2        Snake (4/4) Lair:3        Slime (5/5) Lair:5
    Orc (2/2) D:11            Elf (0/3) Orc:2        Vaults (4/5) D:13
  Crypt (0/3) Vaults:3     Depths (4/4) D:15            Zot (5/5) Depths:4

Altars:
Ashenzari
Cheibriados
Dithmenos
Elyvilon
Hepliaklqana
Kikubaaqudgha
Okawaru
Ru
Trog
Wu Jian
Xom
Yredelemnul
Zin
The Shining One
Beogh
Jiyva
Lugonu

Shops:
D:3 *   D:6 (   D:8 (   D:13 *   Orc:1 (*(   Orc:2 [(=:   Snake:2 =   Snake:3 :
Vaults:1 (   Vaults:4 (:   Depths:1 :*   Depths:2 =:=

Portals:
Hell: Depths:1 Depths:2 Depths:3 Depths:4
Abyss: Lair:5 Depths:2 Depths:3 Depths:4
Pandemonium: Depths:2
Ziggurat: Depths:4

Annotations:
D:1 exclusion: downstairs
Lair:4 exclusion: 2 downstairs
Vaults:4 3 runed translucent doors, Adap Gie's ghost, adept NaWn
Depths:1 36 runed translucent doors, exclusion: downstairs
Zot:1 exclusions: white draconian and 1 more exclusion
Zot:4 2 transporters


Innate Abilities, Weirdness & Mutations

You are a fearsome dragon!
You have a powerful clawing attack.
Your giant scaled body is strong and resilient, but less evasive.
You can breathe fire.
You are flying.
Your maximum health is greatly increased.
Your armour is entirely melded.
You are incapable of wielding weapons or throwing items.
Your life essence is reduced to manifest your ancestor. (-10% HP)
You cannot wear most types of armour.
You are amphibious.
You can wear up to eight rings at the same time.
((Your skin changes colour to match your surroundings (Stealth+).))
((Your rubbery body absorbs attacks. (AC +1, EV +1)))
((You are camouflaged when in or above water. (Stealth+)))
((You have tentacles for arms and can constrict up to eight enemies at once.))
((You are mostly covered in iridescent scales. (AC +4)))


Message History

There is a stone staircase leading up here.
The Brimstone Fiend calls on the powers of darkness!
Your body is wracked with pain!
The green death gestures at you. The blast of poison misses you.
You fly upwards.
There is a stone staircase leading down here.
You feel better.
You feel better.
You feel better.
You feel better.
You feel better.
You feel better.
You feel better.
You feel better.
You feel better.
What level of the Dungeon? (default 1, ? - help)
A hell beast comes into view.
You maul the hell beast!!!
Your tail-slap misses the hell beast.
Your bite misses the hell beast.
The hell beast is severely wounded.
The hell beast bites you but does no damage.
The hell beast tramples you!
You hold your ground!
You claw the hell beast! You tail-slap the hell beast.
You kill the hell beast!
Magic restored.
There is a stone staircase leading up here.
You fly upwards.
There is a stone staircase leading down here.
Okay, then.
There is a stone staircase leading up here.
You fly upwards.
Level annotation: exclusion: downstairs
There is a stone staircase leading down here.
You see here 8 stones.
You see here a bat skeleton.
There is a fountain of clear blue water here.
There is a staircase leading out of the dungeon here.
You can't go down here!
You have escaped!

..# ..# #.########
.........# ###########
..##..#..#####.........#
.###.........##≈≈#+.##.#
.###÷###.....#....#.##.#
.......#.....≈....≈.##.#
.......#....÷≈.⌠D.≈.##.#
####.#.#.....≈....≈.##.#
.....#.#.....#....#.##.#
######.###≈≈###≈≈#####.#
#..#....#.§...# #.#
#..≈....§.....# #.#
#..≈..⌠.≈.§...# #.#
#..≈....§.....###.#
#..#..§.#.....#...#


There were no monsters in sight!

Vanquished Creatures
  the Royal Jelly (Slime:5)
  A dread lich (Zot:5)
  3 ancient liches
  An orb of fire (Zot:5)
  A juggernaut (Depths:3)
  Josephina (Depths:2)
  the Lernaean hydra (Swamp:4)
  2 Killer Klowns
  Saint Roka (Vaults:2)
  A caustic shrike (Depths:1)
  Bai Suzhen (Vaults:2)
  7 curse toes
  5 golden dragons
  A bone dragon (Depths:4)
  3 doom hounds (Zot:1)
  Rupert (Lair:3)
  Grunn (Zot:1)
  Jorgrun (Swamp:3)
  3 liches
  10 tentacled monstrosities
  23 Orb Guardians
  5 quicksilver dragons
  A sphinx (Depths:4)
  An Executioner (D:4)
  21 acid blobs
  7 death cobs
  A thorn hunter (Swamp:3)
  9 storm dragons
  2 shadow dragons
  Aizul (Snake:1)
  A fenstrider witch (Swamp:3)
  Donald (Snake:3)
  9 draconian monks
  5 draconian shifters
  3 tengu reavers
  5 protean progenitors
  8 rockslimes
  A nagaraja (Snake:4)
  4 draconian knights
  A demonspawn warmonger (D:11)
  8 fire giants
  The ghost of fpsbossfight the Devastator, a journeyman DsIE of Sif Muna (Swamp:3)
  5 frost giants
  8 azure jellies
  2 ghost moths
  2 vault wardens (Vaults:4)
  8 draconian scorchers
  An angel (Depths:2)
  9 ironbound preservers
  3 orc warlords
  4 draconian stormcallers
  A reaper (D:11)
  6 draconian annihilators
  14 stone giants
  7 formless jellyfish
  28 very ugly things
  A broodmother (Zot:3)
  13 quicksilver oozes
  5 vampire knights
  4 ironbound thunderhulks
  5 eleionomae
  A bunyip (Swamp:4)
  12 purple draconians
  8 green draconians
  6 spark wasps
  8 white draconians
  10 black draconians
  5 dire elephants
  13 red draconians
  The ghost of Alarak the Severer, a journeyman MDFi of Makhleb (Lair:1)
  The ghost of Pitehy the Basher, a journeyman TrMo of Zin (D:13)
  9 yellow draconians
  A merfolk javelineer (Depths:1)
  8 fire dragons
  An ettin (shapeshifter) (Vaults:4)
  9 ettins
  A shambling mangrove (Swamp:4)
  A deep elf high priest (Depths:4)
  7 yaktaur captains
  The ghost of MagicSucks the Grappler, a journeyman NaWr of Uskayaw (D:9)
  2 hell beasts
  3 rakshasas
  A peacekeeper (Vaults:1)
  3 spriggan air magi
  A spectral fenstrider witch (Swamp:3)
  3 great orbs of eyes
  4 ironbound frosthearts
  3 salamander tyrants
  An ogre mage (D:15)
  18 hydras
  Erica (Lair:2)
  10 vault guards
  7 centaur warriors
  8 alligators
  4 boulder beetles
  8 ice dragons
  12 anacondas
  3 death knights
  3 two-headed ogres
  A catoblepas (D:13)
  6 tengu warriors
  4 deep troll earth magi
  4 deep troll shamans
  8 naga sharpshooters
  2 occultists (Depths:2)
  13 naga warriors
  3 thrashing horrors (Lair:5)
  6 hell knights
  3 spriggan berserkers
  4 orc high priests
  6 shock serpents
  16 death yaks
  Nergalle (D:10)
  An iron troll (Depths:2)
  3 spectral spriggans (Swamp:3)
  A skeletal warrior (D:13)
  2 skysharks (Lair:4)
  41 deep trolls
  4 salamander mystics
  3 goliath frogs
  A sea snake (shapeshifter) (Depths:4)
  A death drake (Swamp:2)
  A large abomination (Lair:5)
  7 mana vipers
  7 glowing orange brains
  A quicksilver dragon simulacrum (Depths:2)
  6 swamp dragons (Swamp:4)
  3 flayed ghosts
  3 naga ritualists
  5 arcanists
  A bog body (Swamp:3)
  3 necromancers (Depths:2)
  5 spriggan druids
  3 obsidian bats
  A fenstrider witch simulacrum (Swamp:3)
  6 ironbound convokers
  8 lindwurms
  2 phantasmal warriors (Depths:2)
  A harpy (shapeshifter) (D:14)
  4 manticores
  Pikel (D:5)
  4 deep elf pyromancers
  An orc sorcerer (Orc:2)
  44 ugly things
  7 shining eyes
  15 orc knights
  5 harpies (Vaults:2)
  5 cyclopes (D:14)
  A faun (shapeshifter) (Vaults:1)
  2 will-o-the-wisps
  19 salamanders
  2 oklob plants (Lair:5)
  2 elephants (Lair:4)
  24 moths of wrath
  32 black mambas
  3 kobold blastminers
  9 naga magi
  12 vault sentinels
  An eye of devastation (Slime:3)
  2 water nymphs (Zot:2)
  A gargoyle (D:12)
  6 guardian serpents
  A smoke demon (Lair:5)
  10 apocalypse crabs (Zot:3)
  4 cane toads
  4 komodo dragons
  A spark wasp simulacrum (Depths:2)
  A spectral death drake (Swamp:3)
  3 freezing wraiths
  2 rime drakes (Lair:5)
  9 yaktaurs
  2 efreet
  A tormentor (Zot:1)
  7 tengu conjurers
  10 hornets
  A bloated husk (Swamp:3)
  3 polar bears
  6 trolls
  Grinder (D:5)
  A queen bee (D:9)
  5 tyrant leeches
  6 glass eyes
  3 raiju (Lair:5)
  A wolf spider simulacrum (D:14)
  Prince Ribbit (D:7)
  A tengu simulacrum (Depths:2)
  22 blink frogs
  6 dream sheep (Lair:5)
  87 slime creatures
  A centaur simulacrum (D:10)
  4 hexers
  2 wraiths
  A vampire (D:12)
  A shadow (D:12)
  4 wyverns
  12 spriggans
  31 yaks
  Eustachio (D:5)
  3 water elementals
  2 ynoxinuls (Lair:5)
  A slime creature (shapeshifter) (Depths:4)
  A hog (shapeshifter) (Lair:5)
  3 golden eyes
  4 basilisks
  17 fire elementals (Zot:1)
  A redback (D:13)
  8 wargs
  2 spriggan simulacra (Swamp:3)
  10 vampire mosquitoes
  A chaos spawn (Lair:5)
  28 nagas
  12 swamp worms
  2 acid dragons
  16 water moccasins
  22 orc warriors
  2 ice beasts (D:10)
  6 swamp drakes
  10 ogres
  22 centaurs
  10 wolves
  2 phantoms
  3 lemures
  3 kobold brigands
  9 bullfrogs
  A glowing shapeshifter simulacrum (Depths:2)
  10 small abominations (Lair:5)
  4 wights (D:10)
  4 troll zombies (D:11)
  21 killer bees
  2 howler monkeys
  A jelly (D:5)
  A bombardier beetle (D:7)
  4 hounds
  18 orc priests
  A gnoll bouda (D:7)
  2 iguanas
  A human skeleton (D:7)
  2 sleepcaps (D:5)
  15 orc wizards
  7 hell rats (Lair:2)
  2 ogre zombies (D:11)
  2 hound zombies (D:8)
  8 gnolls
  4 adders
  3 shadow imps
  2 white imps
  A dart slug (D:2)
  A ribbon worm (D:3)
  62 orcs
  6 ball pythons
  10 endoplasms
  A giant cockroach (D:2)
  6 goblins
  8 hobgoblins
  7 jackals
  3 quokkas
  7 bats
  7 frilled lizards
  A gnoll skeleton (D:11)
  3 gnoll zombies (D:11)
  16 kobolds
  2 kobold zombies (D:8)
  3 orc skeletons (D:11)
  10 orc zombies (D:11)
  3 rats
  2 aspiring fleshes
  9 butterflies (D:15)
1626 creatures vanquished.

Vanquished Creatures (collateral kills)
  2 dread liches (Zot:5)
  An ancient lich (Zot:5)
  A juggernaut (Depths:2)
  Xtahua (Depths:4)
  Nikola (Vaults:1)
  An electric golem (Zot:5)
  2 tentacled monstrosities
  An Orb Guardian (Zot:5)
  A quicksilver dragon (Zot:2)
  A walking frostbound tome (Depths:3)
  2 acid blobs (Slime:5)
  A sphinx (Vaults:4)
  2 shadow dragons
  A nagaraja (Snake:4)
  2 rockslimes (Slime:5)
  A storm dragon (Zot:2)
  A draconian knight (Zot:1)
  A draconian monk (Zot:3)
  An azure jelly (Slime:5)
  2 draconian shifters (Zot:2)
  3 frost giants
  An orc warlord (Vaults:3)
  3 draconian stormcallers (Zot:1)
  An ironbound preserver (Vaults:1)
  3 very ugly things
  2 quicksilver oozes
  An eleionoma (Swamp:3)
  5 green draconians
  2 black draconians
  2 purple draconians
  6 red draconians
  A bunyip (Swamp:1)
  The ghost of Qavotiqe the Basher, a journeyman TrMo of Zin (D:13)
  The ghost of Nuthri Fatu the Imperceptible, a journeyman SpBr of Uskayaw (D:13)
  An ettin (Depths:1)
  A fire dragon (Depths:2)
  A yaktaur captain (Vaults:2)
  An ice dragon (Depths:4)
  2 great orbs of eyes (Vaults:4)
  A salamander tyrant (Snake:4)
  An ironbound frostheart (Vaults:4)
  3 hydras
  A spriggan air mage (Depths:2)
  An anaconda (Snake:3)
  2 two-headed ogres (Zot:2)
  A boulder beetle (D:14)
  3 alligators
  2 centaur warriors
  A vampire mage (Depths:2)
  2 deep troll shamans (Depths:2)
  Urug (D:10)
  A naga sharpshooter (Snake:2)
  A naga warrior (Snake:1)
  A hell knight (Depths:2)
  A spriggan berserker (Depths:1)
  2 skysharks
  A skyshark (shapeshifter) (D:15)
  A salamander mystic (Snake:2)
  4 deep trolls
  A goliath frog (Swamp:2)
  2 swamp dragons
  2 mana vipers
  A glowing orange brain (Depths:4)
  2 orc knights (Vaults:3)
  2 deep elf pyromancers (Depths:4)
  7 ugly things
  A will-o-the-wisp (Swamp:3)
  2 manticores
  A salamander (Snake:2)
  A shining eye (Slime:5)
  An elephant (Lair:5)
  7 moths of wrath
  A kobold blastminer (Orc:2)
  A water nymph (Zot:2)
  5 black mambas
  2 vault sentinels
  An eye of devastation (Slime:5)
  A guardian serpent (Snake:2)
  A large abomination (Lair:5)
  Maggie (D:7)
  A smoke demon (Lair:5)
  2 cane toads
  2 rime drakes
  3 komodo dragons
  An efreet (Zot:1)
  2 yaktaurs
  2 trolls
  A tyrant leech (Lair:2)
  A hornet (D:9)
  A raiju (Lair:5)
  12 blink frogs
  22 slime creatures
  A centaur simulacrum (D:15)
  A shadow (D:11)
  3 wyverns
  5 spriggans
  2 water elementals (Depths:1)
  A wraith (D:6)
  A human (D:7)
  11 yaks
  3 basilisks
  6 fire elementals (Zot:1)
  3 golden eyes (Slime:3)
  A spriggan simulacrum (Swamp:3)
  A small abomination (Lair:5)
  6 nagas
  2 water moccasins
  2 swamp drakes
  3 ice beasts (D:10)
  4 orc warriors
  2 sky beasts (D:7)
  2 ogres (D:15)
  2 wolves
  2 centaurs (D:13)
  3 kobold brigands (D:8)
  2 wights
  A burial acolyte (D:8)
  11 killer bees
  4 orc priests
  A jelly (D:6)
  A sleepcap (D:7)
  A gnoll bouda (D:10)
  An orc wizard (Orc:1)
  2 ogre zombies (D:11)
  A hound zombie (D:8)
  4 gnolls (D:10)
  A howler monkey simulacrum (D:10)
  14 orcs
  A bat (Orc:1)
  4 endoplasms (Slime:3)
  3 kobolds
  A gnoll skeleton (D:11)
  3 gnoll zombies
  A kobold zombie (D:7)
  An orc skeleton (D:11)
  5 orc zombies (D:11)
  2 aspiring fleshes (Zot:1)
  7 butterflies (D:15)
327 creatures vanquished.

Vanquished Creatures (others)
  A draconian knight (Zot:1)
  An ice dragon (Depths:4)
  A tormentor (Zot:1)
  A bloated husk (Swamp:3)
  A frost giant simulacrum (Depths:2)
  3 vampire mosquitoes (Swamp:3)
  An ogre (D:15)
  A bombardier beetle (D:5)
  75 hexers
  2 orcs (Orc:2)
  8 foxfires
95 creatures vanquished.

Grand Total: 2048 creatures vanquished

Notes
Turn   | Place    | Note
-------+----------+-------------------------------------------
     0 | D:1      | Anon1729 the Octopode Monk began the quest for the Orb.
     0 | D:1      | Reached XP level 1. HP: 16/16 MP: 1/1
   166 | D:1      | Reached XP level 2. HP: 20/21 MP: 2/2
   424 | D:1      | Reached skill level 1 in Stealth
   638 | D:1      | Reached XP level 3. HP: 26/26 MP: 3/3
   862 | D:2      | Reached skill level 2 in Stealth
   938 | D:2      | Reached XP level 4. HP: 31/31 MP: 4/4
  1279 | D:2      | Reached skill level 1 in Shapeshifting
  1416 | D:3      | Reached skill level 3 in Stealth
  1471 | D:3      | Found a faded altar of an unknown god.
  1712 | D:3      | Found Heehack's General Store.
  1796 | D:3      | Bought a potion of curing for 33 gold pieces
  1796 | D:3      | Bought a scroll of teleportation for 33 gold pieces
  1796 | D:3      | Bought a scroll of fog for 44 gold pieces
  1882 | D:3      | Found an iron altar of Okawaru.
  2301 | D:4      | Found a glowing golden altar of the Shining One.
  2312 | D:4      | Found a shimmering altar of Xom.
  2313 | D:4      | Noticed an angel
  2318 | D:4      | Found a glowing silver altar of Zin.
  2350 | D:4      | Reached XP level 5. HP: 35/36 MP: 5/5
  2986 | D:5      | Entered Level 5 of the Dungeon
  2986 | D:5      | Noticed Pikel
  2986 | D:5      | Noticed a lemure
  2986 | D:5      | Noticed a lemure
  2987 | D:5      | Noticed a lemure
  3039 | D:5      | Noticed Eustachio
  3049 | D:5      | Killed Eustachio
  3050 | D:5      | Reached skill level 4 in Stealth
  3050 | D:5      | Reached XP level 6. HP: 16/43 MP: 6/6
  3339 | D:5      | Reached skill level 5 in Stealth
  3358 | D:5      | Noticed Grinder
  3509 | D:5      | Reached XP level 7. HP: 44/48 MP: 7/7
  3598 | D:5      | Killed Grinder
  3599 | D:5      | Reached skill level 6 in Stealth
  3687 | D:5      | Killed Pikel
  3688 | D:5      | Reached skill level 7 in Stealth
  3688 | D:5      | Reached XP level 8. HP: 13/54 MP: 8/8
  3916 | D:5      | Noticed a shadow
  3917 | D:5      | Found a shadowy altar of Dithmenos.
  3918 | D:5      | Found a hazy altar of Hepliaklqana.
  3925 | D:5      | Became a worshipper of Hepliaklqana the Forgotten
  3925 | D:5      | Reached * piety under Hepliaklqana
  3925 | D:5      | Reached ** piety under Hepliaklqana
  3926 | D:5      | Remembered your ancestor Alemalit as a hexer
  3969 | D:5      | Reached skill level 5 in Fighting
  3969 | D:5      | Reached skill level 5 in Dodging
  4244 | D:6      | Found Ethijiz's Antique Weapon Shop.
  4259 | D:6      | Reached skill level 8 in Stealth
  4259 | D:6      | Reached skill level 5 in Unarmed Combat
  4495 | D:6      | Noticed a wraith
  4502 | D:6      | Killed a wraith
  4978 | D:7      | Noticed Maggie
  4995 | D:7      | Reached skill level 9 in Stealth
  4998 | D:7      | Killed Maggie
  4999 | D:7      | Reached XP level 9. HP: 38/55 MP: 9/9
  5318 | D:7      | Noticed Prince Ribbit
  5325 | D:7      | Killed Prince Ribbit
  5326 | D:7      | Reached skill level 10 in Stealth
  5458 | D:7      | Found a runed translucent door.
  5465 | D:7      | Found a basalt altar of Yredelemnul.
  5487 | D:7      | Found a staircase to the Ecumenical Temple.
  5927 | D:7      | Reached skill level 11 in Stealth
  6168 | D:7      | Reached XP level 10. HP: 62/62 MP: 6/10
  6371 | D:8      | Found a bloodstained altar of Trog.
  6408 | D:8      | Reached skill level 5 in Shapeshifting
  6490 | D:8      | Found an ancient bone altar of Kikubaaqudgha.
  6531 | D:8      | Reached *** piety under Hepliaklqana
  6531 | D:8      | Found a broken altar of Ashenzari.
  6554 | D:8      | Reached skill level 12 in Stealth
  6641 | D:8      | Found an ornate altar of the Wu Jian Council.
  6717 | D:8      | Reached skill level 1 in Evocations
  6780 | D:8      | Found Utahisch's Weapon Shoppe.
  7525 | D:9      | Reached skill level 13 in Stealth
  7539 | D:9      | Reached XP level 11. HP: 58/67 MP: 11/11
  8011 | D:9      | Found a runed translucent door.
  8015 | D:9      | Identified the +1 trident "Tawkiuna" {flame, SInv}
  8018 | D:9      | Noticed MagicSucks's ghost (journeyman NaWr)
  8056 | D:9      | Found a white marble altar of Elyvilon.
  8166 | D:10     | Entered Level 10 of the Dungeon
  8386 | D:10     | Noticed Nergalle
  8619 | D:10     | Reached **** piety under Hepliaklqana
  8775 | D:10     | Noticed Urug
  9155 | D:10     | Found a sacrificial altar of Ru.
  9500 | D:11     | Noticed a centaur warrior
  9520 | D:11     | Killed a centaur warrior
  9524 | D:11     | Reached skill level 14 in Stealth
  9756 | D:11     | Found a staircase to the Lair.
  9940 | D:11     | Found a staircase to the Orcish Mines.
 10468 | D:11     | Noticed a manticore
 10481 | D:11     | Killed a manticore
 10737 | Lair:1   | Entered Level 1 of the Lair of Beasts
 11166 | Lair:1   | Reached XP level 12. HP: 74/74 MP: 12/12
 11299 | Lair:1   | Reached ***** piety under Hepliaklqana
 11491 | Lair:1   | Found a runed translucent gate.
 11491 | Lair:1   | Noticed a ten-headed hydra
 11492 | Lair:1   | Found a runed translucent gate.
 11493 | Lair:1   | Found a runed translucent gate.
 11493 | Lair:1   | Noticed Alarak's ghost (journeyman MDFi)
 11493 | Lair:1   | Noticed a ten-headed hydra
 11551 | Lair:1   | Found a snail-covered altar of Cheibriados.
 11611 | Lair:1   | Reached skill level 15 in Stealth
 11616 | Lair:1   | Reached skill level 1 in Invocations
 11616 | Lair:1   | Reached skill level 5 in Evocations
 11907 | Lair:2   | Found a staircase to the Swamp.
 12070 | Lair:2   | Noticed a four-headed hydra
 12079 | Lair:2   | Killed a four-headed hydra
 12591 | Lair:2   | Noticed Erica
 13301 | Lair:3   | Found a staircase to the Snake Pit.
 13553 | Lair:3   | Noticed Rupert
 13571 | Lair:3   | Killed Rupert
 13624 | Lair:3   | Reached skill level 16 in Stealth
 13682 | Lair:3   | Reached XP level 13. HP: 77/81 MP: 15/15
 14951 | Lair:2   | Reached ****** piety under Hepliaklqana
 15099 | Lair:2   | Killed Erica
 15191 | Lair:5   | Entered Level 5 of the Lair of Beasts
 15299 | Lair:5   | Reached skill level 17 in Stealth
 15567 | Lair:5   | Reached XP level 14. HP: 74/88 MP: 17/17
 15580 | Lair:5   | Reached skill level 5 in Invocations
 15625 | Lair:5   | Identified the ring "Avucyeh" {rF+ Str+3 Slay-3 SInv}
 15684 | Lair:5   | Found a corrupted altar of Lugonu.
 15684 | Lair:5   | Found a one-way gate to the infinite horrors of the Abyss.
 15706 | Lair:5   | Reached skill level 10 in Shapeshifting
 15779 | Lair:5   | Identified the ring "Koeg" {rPois Str+2 SInv}
 16013 | Lair:4   | Reached skill level 10 in Fighting
 16176 | Lair:5   | Reached skill level 18 in Stealth
 16218 | Lair:5   | Reached skill level 10 in Dodging
 16232 | Lair:5   | Found a viscous altar of Jiyva.
 16233 | Lair:5   | Found a staircase to the Slime Pits.
 16779 | Lair:5   | Reached skill level 10 in Unarmed Combat
 17497 | D:12     | Reached XP level 15. HP: 94/94 MP: 19/19
 18566 | D:13     | Reached skill level 19 in Stealth
 18604 | D:13     | Found a gate to the Vaults.
 18781 | D:13     | Found a runed translucent gate.
 18782 | D:13     | Found a runed translucent gate.
 18782 | D:13     | Found a runed translucent gate.
 18782 | D:13     | Noticed Qavotiqe's ghost (journeyman TrMo)
 18782 | D:13     | Noticed Nuthri Fatu's ghost (journeyman SpBr)
 18783 | D:13     | Noticed Pitehy's ghost (journeyman TrMo)
 19016 | D:13     | Found Tuemir's Assorted Antiques.
 19226 | D:13     | Killed Qavotiqe's ghost
 19365 | D:13     | Killed Nuthri Fatu's ghost
 19503 | D:13     | Killed Pitehy's ghost
 20030 | D:14     | Identified the +0 morningstar of Instinct {speed, *Noise
                  | rPois rF+ Int+3}
 20315 | D:14     | Identified the +4 falchion "Eddater" {elec, rCorr}
 20518 | D:14     | Reached XP level 16. HP: 100/100 MP: 21/21
 20579 | D:15     | Entered Level 15 of the Dungeon
 20685 | D:15     | Found a huge runed translucent gate.
 20685 | D:15     | Found a huge runed translucent gate.
 20685 | D:15     | Found a huge runed translucent gate.
 20685 | D:15     | Found a huge runed translucent gate.
 20685 | D:15     | Found a huge runed translucent gate.
 20685 | D:15     | Found a huge runed translucent gate.
 20685 | D:15     | Found a huge runed translucent gate.
 20685 | D:15     | Found a huge runed translucent gate.
 20685 | D:15     | Found a huge runed translucent gate.
 20685 | D:15     | Found a huge runed translucent gate.
 20685 | D:15     | Found a huge runed translucent gate.
 20829 | D:15     | Reached skill level 20 in Stealth
 20949 | D:15     | Found a huge runed translucent gate.
 20949 | D:15     | Found a huge runed translucent gate.
 21069 | D:15     | Paralysed by an ogre mage for 2 turns
 21275 | D:15     | Found a staircase to the Depths.
 21513 | D:15     | Found a huge runed translucent gate.
 21513 | D:15     | Found a huge runed translucent gate.
 21513 | D:15     | Found a huge runed translucent gate.
 21513 | D:15     | Found a huge runed translucent gate.
 21515 | D:15     | Found a huge runed translucent gate.
 21515 | D:15     | Found a huge runed translucent gate.
 21515 | D:15     | Found a huge runed translucent gate.
 21515 | D:15     | Found a huge runed translucent gate.
 21515 | D:15     | Found a huge runed translucent gate.
 21516 | D:15     | Found a huge runed translucent gate.
 21516 | D:15     | Found a huge runed translucent gate.
 21520 | D:15     | Found a huge runed translucent gate.
 21521 | D:15     | Found a huge runed translucent gate.
 21521 | D:15     | Found a huge runed translucent gate.
 21522 | D:15     | Found a huge runed translucent gate.
 21523 | D:15     | Found a huge runed translucent gate.
 21524 | D:15     | Found a huge runed translucent gate.
 21525 | D:15     | Found a huge runed translucent gate.
 21525 | D:15     | Found a huge runed translucent gate.
 21529 | D:15     | Found a huge runed translucent gate.
 21530 | D:15     | Found a huge runed translucent gate.
 21531 | D:15     | Found a huge runed translucent gate.
 21531 | D:15     | Found a huge runed translucent gate.
 21617 | D:15     | Upgraded the game from 0.32-a0-791-gfc315c9ecd to
                  | 0.32-a0-799-g95e1662365
 21621 | D:15     | Learned a level 3 spell: Passwall
 21704 | Orc:1    | Entered Level 1 of the Orcish Mines
 21795 | Orc:1    | Found Xibiewa's Weapon Shoppe.
 21873 | Orc:1    | Found Kiot's General Store.
 21901 | Orc:1    | Bought a scroll of identify for 30 gold pieces
 21901 | Orc:1    | Bought a potion of curing for 45 gold pieces
 22005 | Orc:2    | Entered Level 2 of the Orcish Mines
 22005 | Orc:2    | Found a staircase to the Elven Halls.
 22145 | Orc:2    | Found a roughly hewn altar of Beogh.
 22220 | Orc:2    | Found a roughly hewn altar of Beogh.
 22561 | Orc:2    | Found a roughly hewn altar of Beogh.
 22563 | Orc:2    | Found Buvecleq's Book Shop.
 22679 | Orc:2    | Found a roughly hewn altar of Beogh.
 22740 | Orc:2    | Found a roughly hewn altar of Beogh.
 22837 | Orc:2    | Found a roughly hewn altar of Beogh.
 22847 | Orc:2    | Found Kelliqel's Jewellery Shop.
 22868 | Orc:2    | Bought a ring of protection from fire for 375 gold pieces
 22926 | Orc:2    | Found Xiwnaeh's Antique Armour Shoppe.
 22927 | Orc:2    | Found a roughly hewn altar of Beogh.
 22928 | Orc:2    | Found Neuliur's Antique Weapon Emporium.
 23032 | Orc:1    | Found Silalyt's Antique Weapon Shop.
 23189 | Orc:2    | Bought a +6 ring of dexterity for 540 gold pieces
 23189 | Orc:2    | Bought a +6 ring of dexterity for 540 gold pieces
 23447 | Swamp:1  | Entered Level 1 of the Swamp
 23689 | Swamp:1  | Reached skill level 10 in Evocations
 24342 | Swamp:2  | Identified the +6 scale mail of Zuinoan {rElec rN+ SInv}
 24402 | Swamp:2  | Identified the blade talisman of Retwyp {Str+3 Int+5}
 24710 | Swamp:3  | Reached XP level 17. HP: 107/107 MP: 23/23
 24952 | Swamp:3  | Found a runed translucent gate.
 24952 | Swamp:3  | Found a runed translucent gate.
 24953 | Swamp:3  | Found a runed translucent gate.
 25074 | Swamp:3  | Noticed Jorgrun
 25083 | Swamp:3  | Killed Jorgrun
 25108 | Swamp:3  | Reached skill level 21 in Stealth
 25140 | Swamp:3  | Noticed fpsbossfight's ghost (journeyman DsIE)
 25249 | Swamp:3  | Identified the +2 buckler "Feptial" {rCorr Str+3}
 25463 | Swamp:3  | Killed fpsbossfight's ghost
 25685 | D:10     | Killed Nergalle
 25759 | D:9      | Killed MagicSucks's ghost
 26178 | Lair:1   | Killed Alarak's ghost
 26904 | D:10     | Killed Urug
 27251 | Snake:1  | Entered Level 1 of the Snake Pit
 27843 | Snake:1  | Identified the serpent talisman "Qihah" {rN++ rCorr MP+9
                  | Int-3}
 27843 | Snake:1  | Noticed Aizul
 27869 | Snake:1  | Killed Aizul
 28769 | Snake:2  | Reached XP level 18. HP: 49/113 MP: 25/25
 28896 | Snake:2  | Found Moluel Bada's Jewellery Shop.
 29199 | Snake:2  | Reached skill level 10 in Invocations
 30158 | Snake:3  | Found Piytuar's Vocational Training.
 30185 | Snake:3  | Bought a manual of Evocations for 1120 gold pieces
 30271 | Snake:4  | Entered Level 4 of the Snake Pit
 31377 | Snake:4  | Noticed Donald
 31505 | Snake:3  | Killed Donald
 31802 | Snake:4  | Reached skill level 22 in Stealth
 31844 | Snake:4  | Got a serpentine rune of Zot
 32010 | Snake:4  | Noticed a quicksilver dragon
 32020 | Snake:4  | Killed a quicksilver dragon
 32156 | Swamp:4  | Entered Level 4 of the Swamp
 32935 | Swamp:4  | Reached XP level 19. HP: 120/120 MP: 27/27
 32971 | Swamp:4  | Noticed the 27-headed Lernaean hydra
 32987 | Swamp:4  | Killed the 26-headed Lernaean hydra
 33282 | Swamp:4  | Got a decaying rune of Zot
 33523 | Vaults:1 | Entered Level 1 of the Vaults
 33523 | Vaults:1 | Noticed Nikola
 33531 | Vaults:1 | Killed Nikola
 33631 | Vaults:1 | Reached skill level 15 in Shapeshifting
 34331 | Vaults:1 | Found Exkeik's Antique Weapon Emporium.
 35086 | Vaults:2 | Noticed Bai Suzhen
 35109 | Vaults:2 | Killed Bai Suzhen
 35701 | Vaults:2 | Noticed Saint Roka
 35709 | Vaults:2 | Killed Saint Roka
 36095 | Vaults:3 | Reached XP level 20. HP: 127/127 MP: 28/28
 36355 | Vaults:3 | Found a staircase to the Crypt.
 37549 | Vaults:4 | Noticed a dread lich
 37575 | Vaults:4 | Reached skill level 23 in Stealth
 37614 | Vaults:4 | Found Xovil's Weapon Shop.
 38273 | Vaults:4 | Found a runed translucent gate.
 38273 | Vaults:4 | Found a runed translucent gate.
 38273 | Vaults:4 | Found a runed translucent gate.
 38296 | Vaults:4 | Found Vaty's Book Shop.
 38641 | Vaults:4 | Reached skill level 15 in Evocations
 38689 | Vaults:4 | Found a runed translucent gate.
 38689 | Vaults:4 | Found a runed translucent gate.
 38699 | Vaults:4 | Found a runed translucent gate.
 38706 | Vaults:4 | Noticed Adap Gie's ghost (adept NaWn)
 39160 | Depths:1 | Entered Level 1 of the Depths
 39186 | Depths:1 | You are sucked into a shaft and drop 1 floor!
 39217 | Depths:2 | Identified the ring of Veniwig {Ice Will+ Int+4}
 39217 | Depths:2 | Identified the death talisman "Bibinuj" {Dex+3 Stlth+}
 39217 | Depths:2 | Noticed Josephina
 39466 | Depths:1 | Found a gateway to Hell.
 39479 | Depths:1 | Reached skill level 1 in Staves
 39487 | Depths:1 | Found Alische's Book Shoppe.
 39487 | Depths:1 | Found Vawar's Assorted Antiques.
 39779 | Depths:1 | Reached skill level 1 in Earth Magic
 39963 | Depths:1 | Found a huge runed translucent gate.
 39963 | Depths:1 | Found a huge runed translucent gate.
 39963 | Depths:1 | Found a huge runed translucent gate.
 39963 | Depths:1 | Found a huge runed translucent gate.
 39963 | Depths:1 | Found a huge runed translucent gate.
 39964 | Depths:1 | Found a huge runed translucent gate.
 39981 | Depths:1 | Found a huge runed translucent gate.
 40029 | Depths:1 | Found a huge runed translucent gate.
 40029 | Depths:1 | Found a huge runed translucent gate.
 40030 | Depths:1 | Found a huge runed translucent gate.
 40030 | Depths:1 | Found a huge runed translucent gate.
 40032 | Depths:1 | Found a huge runed translucent gate.
 40033 | Depths:1 | Found a huge runed translucent gate.
 40033 | Depths:1 | Found a huge runed translucent gate.
 40033 | Depths:1 | Found a huge runed translucent gate.
 40034 | Depths:1 | Found a huge runed translucent gate.
 40034 | Depths:1 | Found a huge runed translucent gate.
 40035 | Depths:1 | Found a huge runed translucent gate.
 40047 | Depths:1 | Found a huge runed translucent gate.
 40048 | Depths:1 | Found a huge runed translucent gate.
 40049 | Depths:1 | Found a huge runed translucent gate.
 40050 | Depths:1 | Found a huge runed translucent gate.
 40051 | Depths:1 | Found a huge runed translucent gate.
 40051 | Depths:1 | Found a huge runed translucent gate.
 40056 | Depths:1 | Found a huge runed translucent gate.
 40057 | Depths:1 | Found a huge runed translucent gate.
 40057 | Depths:1 | Found a huge runed translucent gate.
 40057 | Depths:1 | Found a huge runed translucent gate.
 40057 | Depths:1 | Found a huge runed translucent gate.
 40059 | Depths:1 | Found a huge runed translucent gate.
 40060 | Depths:1 | Found a huge runed translucent gate.
 40061 | Depths:1 | Found a huge runed translucent gate.
 40061 | Depths:1 | Found a huge runed translucent gate.
 40066 | Depths:1 | Found a huge runed translucent gate.
 40067 | Depths:1 | Found a huge runed translucent gate.
 40067 | Depths:1 | Found a huge runed translucent gate.
 40088 | Depths:1 | Reached XP level 21. HP: 134/134 MP: 30/30
 40392 | Depths:1 | Bought 2 potions of heal wounds for 290 gold pieces
 40392 | Depths:1 | Bought a potion of haste for 290 gold pieces
 40392 | Depths:1 | Bought a scroll of teleportation for 87 gold pieces
 40392 | Depths:1 | Bought 2 potions of attraction for 174 gold pieces
 40392 | Depths:1 | Bought a potion of curing for 87 gold pieces
 40392 | Depths:1 | Bought a potion of invisibility for 232 gold pieces
 40494 | Depths:2 | Noticed a caustic shrike
 40508 | Depths:1 | Killed a caustic shrike
 40969 | Depths:2 | Killed Josephina
 41408 | Depths:2 | Reached skill level 5 in Staves
 41408 | Depths:2 | Found a one-way gate leading to the halls of Pandemonium.
 41523 | Depths:2 | Noticed a juggernaut
 41534 | Depths:2 | Killed a juggernaut
 41919 | Depths:2 | Found Innoq's Jewellery Boutique.
 41919 | Depths:2 | Found Isong's Book Shoppe.
 41920 | Depths:2 | Found Beassot's Jewellery Boutique.
 42134 | Depths:3 | Noticed a juggernaut
 42138 | Depths:3 | Found the +11 Singing Sword {sonic wave}
 42138 | Depths:3 | Noticed an ancient lich
 42141 | Depths:3 | Killed a juggernaut
 42156 | Depths:3 | Killed an ancient lich
 42160 | Depths:3 | Reached XP level 22. HP: 93/140 MP: 31/31
 42495 | Depths:3 | Reached skill level 24 in Stealth
 42656 | Depths:2 | Bought the ring of Fangaj {rElec rC+ rCorr Int-5 SInv} for
                  | 416 gold pieces
 42716 | Depths:3 | Reached skill level 15 in Fighting
 43677 | Depths:4 | Entered Level 4 of the Depths
 43693 | Depths:4 | Reached skill level 15 in Dodging
 43785 | Depths:4 | Noticed a golden dragon
 43798 | Depths:3 | Killed a golden dragon
 44102 | Depths:4 | Noticed Xtahua
 44116 | Depths:4 | Killed Xtahua
 44251 | Depths:4 | Found a one-way gateway to a ziggurat.
 44853 | Depths:4 | Found a gate to the Realm of Zot.
 45740 | Slime:1  | Entered Level 1 of the Pits of Slime
 45941 | Slime:2  | Gained mutation: You are vulnerable to cold. (rC-) [a
                  | shining eye]
 45972 | Slime:2  | Reached XP level 23. HP: 146/146 MP: 33/33
 46414 | Slime:3  | Gained mutation: Your body sometimes deteriorates upon
                  | taking damage. [a shining eye]
 46541 | Slime:3  | Reached skill level 15 in Unarmed Combat
 47705 | Slime:5  | Entered Level 5 of the Pits of Slime
 48159 | Slime:5  | Gained mutation: Potions are less effective at restoring
                  | your health. [a shining eye]
 48278 | Slime:5  | Noticed the Royal Jelly
 48802 | Slime:5  | Gained mutation: One of your tentacles bears a spike. [a
                  | shining eye]
 48837 | Slime:5  | Found a viscous altar of Jiyva.
 48978 | Slime:5  | Gained mutation: You are frail. (-10% HP) [a shining eye]
 50314 | Slime:5  | Lost mutation: You are frail. (-10% HP) [potion of
                  | mutation]
 50314 | Slime:5  | Lost mutation: One of your tentacles bears a spike. [potion
                  | of mutation]
 50314 | Slime:5  | Gained mutation: You expend magic power (3 MP) to
                  | strengthen your wands. [potion of mutation]
 50314 | Slime:5  | Gained mutation: You are robust. (+10% HP) [potion of
                  | mutation]
 50483 | Slime:5  | Killed the Royal Jelly
 50898 | Slime:5  | Identified the staff "Ohyecue" {*Slow rN+ Int+2 Stlth+
                  | Necro Alchemy}
 50900 | Slime:5  | Identified the +12 sling of Success {freeze, rF++ rN+
                  | Dex+2}
 50904 | Slime:5  | Identified the +5 morningstar "Irghaca" {elec, rN+ Stlth+}
 51077 | Slime:5  | Identified the +1 shortbow "Farau" {antimagic, Str+3}
 51078 | Slime:5  | Identified the amulet of Alimuac {RegenMP+ MP+9 Str+2}
 51082 | Slime:5  | Got a slimy rune of Zot
 51101 | Slime:5  | Got Nepoleer's Omnibus of the Crevasse and Convocation
 51836 | Zot:1    | Entered Level 1 of the Realm of Zot
 51941 | Zot:1    | Reached skill level 10 in Staves
 52395 | Zot:1    | Noticed Grunn
 52762 | Zot:1    | Killed Grunn
 52763 | Zot:1    | Reached skill level 25 in Stealth
 53846 | Zot:1    | Noticed an orb of fire
 53961 | Zot:2    | Reached XP level 24. HP: 168/168 MP: 34/34
 54067 | Zot:2    | Reached XP level 25. HP: 177/177 MP: 34/34
 54875 | Zot:2    | Reached skill level 15 in Invocations
 55717 | Zot:3    | Identified the +2 mace of Arbitration {heavy, SInv}
 57218 | Zot:3    | Found a snail-covered altar of Cheibriados.
 57565 | Zot:3    | Reached XP level 26. HP: 185/185 MP: 33/34
 58060 | Zot:4    | Found a transporter.
 58066 | Zot:4    | Noticed a Killer Klown
 58080 | Zot:3    | Killed a Killer Klown
 58583 | Zot:4    | Found a transporter.
 58999 | Zot:5    | Entered Level 5 of the Realm of Zot
 59079 | Zot:5    | Found a sacrificial altar of Ru.
 59950 | Zot:5    | Noticed an ancient lich
 59962 | Zot:5    | Noticed a Killer Klown
 59975 | Zot:5    | Killed an ancient lich
 59976 | Zot:5    | Reached skill level 26 in Stealth
 59991 | Zot:5    | Killed a Killer Klown
 60411 | Zot:5    | Noticed a dread lich
 60412 | Zot:5    | Paralysed by a dread lich for 5 turns
 60420 | Zot:5    | Paralysed by a dread lich for 3 turns
 60423 | Zot:5    | Noticed an orb of fire
 60427 | Zot:5    | Killed a dread lich
 60436 | Zot:5    | Killed an orb of fire
 60458 | Zot:5    | Noticed an ancient lich
 60470 | Zot:5    | Killed an ancient lich
 60520 | Zot:5    | Lost mutation: You are robust. (+10% HP) [potion of
                  | mutation]
 60520 | Zot:5    | Lost mutation: Your body sometimes deteriorates upon taking
                  | damage. [potion of mutation]
 60520 | Zot:5    | Lost mutation: You are vulnerable to cold. (rC-) [potion of
                  | mutation]
 60520 | Zot:5    | Gained mutation: One of your tentacles bears a spike.
                  | [potion of mutation]
 60521 | Zot:5    | Lost mutation: Potions are less effective at restoring your
                  | health. [potion of mutation]
 60521 | Zot:5    | Lost mutation: You expend magic power (3 MP) to strengthen
                  | your wands. [potion of mutation]
 60521 | Zot:5    | Lost mutation: One of your tentacles bears a spike. [potion
                  | of mutation]
 60521 | Zot:5    | Gained mutation: You are partially covered in iridescent
                  | scales. (AC +2) [potion of mutation]
 60521 | Zot:5    | Gained mutation: You are mostly covered in iridescent
                  | scales. (AC +4) [potion of mutation]
 60552 | Zot:5    | Noticed an ancient lich
 60559 | Zot:5    | Killed an ancient lich
 60569 | Zot:5    | Noticed a dread lich
 60581 | Zot:5    | Killed a dread lich
 60674 | Zot:5    | Noticed a dread lich
 60687 | Zot:5    | Killed a dread lich
 61042 | Zot:5    | Got the Orb of Zot
 61042 | Zot:5    | Noticed an orb of fire
 61054 | Zot:5    | Noticed a Killer Klown
 61696 | D:$      | Escaped with the Orb!

Illustrated notes

Levels and vault maps discovered:
D:1:      dpeg_arrival_rooms_with_view, layout_loops_ring,
          hangedman_decor_peaks_small, minmay_tromino_i2
D:2:      layout_basic, kennysheep_generic_room_8
D:3:      layout_basic, okawaru_ov_weapons_minmay, serial_aquarium,
          aquarium_bridge_straight [aquarium_subvault_bridge,
          aquarium_subvault_window, aquarium_subvault_bridge,
          aquarium_subvault_wall], aquarium_window_3, aquarium_window_1,
          aquarium_window_corner, aquarium_view_2f,
          chequers_ecumenical_altar_simple_redux, serial_shops,
          nicolae_shop_tiny_glass
D:4:      minmay_skewed_foursquare, layout_gridville,
          grunt_temple_overflow_order_and_chaos_1, mainiacjoe_overflow_catwalk,
          dk_noncrumbling_4, chequers_serial_rivers_micro_d
D:5:      layout_cave_pools, riverfiend_overflow_shadow_ancestor,
          lemuel_flamethrower_2, uniq_grinder, uniq_eustachio, uniq_pikel
D:6:      layout_basic, serial_shops, shop, kennysheep_generic_room_4
D:7:      layout_loops_ring, dk_yredelemnul_ordeal, minmay_temple_entry_mist,
          uniq_maggie, uniq_prince_ribbit1
D:8:      layout_rooms, nicolae_overflow_hidden_temple,
          cheibrodos_ashenzari_chains, regret_index_kikubaaqudgha_part_by_part,
          mainiacjoe_overflow_paths, serial_shops,
          nicolae_shop_bloodbath_and_beyond, minmay_between
D:9:      layout_cave_pools, marbit_many_paths, special_room [special_room_bee],
          ebering_ghost_funeral_grove
D:10:     layout_gridville, nicolae_overflow_crystal_walls, serial_ice,
          serial_ice_e, serial_ice_f, serial_ice_m, serial_ice_i, uniq_urug,
          uniq_nergalle
D:11:     layout_roguey, lair_entry_dummy, zombieorc2_lemuel,
          nicolae_hexahallways, minivault_1, kennysheep_nondescript
D:12:     layout_gridville
D:13:     layout_loops_ring, erik_vaults_2, serial_shops, shop,
          gammafunk_ghost_cemetery
D:14:     layout_basic, chequers_serial_rivers_micro_b,
          minmay_the_grid_square_5x5_3x3_mashed
          [minmay_the_grid_square_5x5_seven, minmay_the_grid_square_5x5_detours,
          minmay_the_grid_square_5x5_half_checkered,
          minmay_the_grid_square_5x5_two_walls_a,
          minmay_the_grid_square_5x5_megaprize_crossed,
          minmay_the_grid_square_5x5_z, minmay_the_grid_square_5x5_c,
          minmay_the_grid_square_5x5_two, minmay_the_grid_square_5x5_lines]
D:15:     gammafunk_enter_depths_forms, layout_irregular_city,
          hangedman_decor_clover_reticule, serial_bayou_lagoon_a,
          minmay_misc_feat_more_columns, not_door_vault_mu
Lair:1:   layout_chaotic_city, gammafunk_ghost_hydra_chop, basic_altar,
          grunt_megastairs_2
Lair:2:   layout_cave_pods, mainiacjoe_swamp_entry_lozenge_pond, uniq_erica
Lair:3:   layout_gridlike, minmay_snake_entry_six_corridors,
          serial_bayou_pond_e, grunt_megastairs_5, infiniplex_staircase_pool_2,
          uniq_rupert
Lair:4:   layout_roguey, chequers_serial_rivers_micro_e, lemuel_fruit_tree
Lair:5:   hellmonk_lair_end_abyssal_woods, layout_cave_pods,
          minmay_slime_entry_oklob_open
Swamp:1:  layout_basic_swamp, nicolae_swamp_reclaimed_castle,
          nicolae_swamp_spriggan_camp
Swamp:2:  layout_basic_swamp, nicolae_swamp_big_swirl
Swamp:3:  layout_basic_swamp, gammafunk_ghost_necromancy, serial_swamp_ruin,
          evilmike_swamp_ruin_house_2, evilmike_swamp_ruin_house_3,
          evilmike_swamp_ruin_house_4, swamp_pool_1_2, uniq_jorgrun
Swamp:4:  swamp_old_school, layout_basic_swamp, swamp_pool_3
Snake:1:  layout_gridlike, uniq_aizul
Snake:2:  layout_cave_town, serial_shops, nicolae_shop_real_fake_doors,
          nicolae_integral_box
Snake:3:  layout_gridlike, nicolae_shop_vocational
Snake:4:  hellmonk_snake_rune_quicksilver_temple, layout_gridlike, uniq_donald
Slime:1:  layout_caves
Slime:2:  layout_caves
Slime:3:  layout_caves, nicolae_slime_welcoming_committee
Slime:4:  layout_caves, cheibrodos_slime_lost_civilization_4
Slime:5:  slime_pit_nicolae_trefoil
Orc:1:    layout_diamond_mine, serial_shops, shop, nicolae_shop_behind_doors,
          shop, blackcustard_mines_bat_river
Orc:2:    grunt_orc_community_town_hall, layout_diamond_mine,
          grunt_orc_community_big_house_1, grunt_orc_community_big_house_2,
          grunt_orc_community_house_1, grunt_orc_community_house_1,
          grunt_orc_community_house_2, grunt_orc_community_house_1,
          grunt_orc_community_house_1, grunt_orc_community_house_3
Vaults:1: v_misc_4, nicolae_vaults_twisting_passages,
          vaults_standard_mumra_enter_the_diamond, v_misc_16, v_misc_28,
          nicolae_vaults_trapezoid_4, nicolae_vaults_double_plus_1,
          ontoclasm_vaults_shuriken, ontoclasm_vaults_fault,
          vaults_room_hangedman_quadrants, v_misc_10, dpeg_vaults_monster_box,
          nicolae_vaults_trapezoid_1, grunt_vaults_hallway_short,
          layout_vaults_ring, serial_shops, shop, uniq_nikola
Vaults:2: vaults_mumra_minichess_inversion, nicolae_vaults_little_squares_4,
          nicolae_vaults_tangram_2, nicolae_vaults_crenellated_ambush,
          nicolae_vaults_ninety_degrees, nicolae_vaults_cochlea,
          vaults_mumra_chevron_long, v_misc_9, vaults_room_fours,
          nicolae_vaults_surprise_closet, layout_vaults_big_room,
          uniq_bai_suzhen, uniq_saint_roka
Vaults:3: ontoclasm_vaults_ligature, nicolae_vaults_what_the_h,
          blue_anna_dwarven_crypt, hangedman_vaults_trim,
          vaults_room_semicircle, hangedman_vaults_slice,
          nicolae_vaults_variable_pillar_hall, lightli_orcish_oven,
          vaults_dpeg_ring, layout_vaults_omnigrid
Vaults:4: ploomutoo_gammafunk_ghost_potion_laboratory, v_misc_5,
          nicolae_vaults_network_quincunx
          [nicolae_vaults_network_quincunx_subvault,
          nicolae_vaults_network_quincunx_subvault,
          nicolae_vaults_network_quincunx_subvault,
          nicolae_vaults_network_quincunx_subvault,
          nicolae_vaults_network_quincunx_subvault], vaults_room_grid,
          v_misc_27, nicolae_vaults_taking_the_gang_shopping,
          nicolae_vaults_mini_display_case, hangedman_vaults_variations,
          ontoclasm_vaults_gallery, nicolae_vaults_trapezoid_2,
          ontoclasm_vaults_decontamination, layout_vaults_omnicross,
          serial_shops, nicolae_shop_tiny_real_fake_doors
Depths:1: layout_cave_pools, hell_entry, chequers_serial_rivers_micro_a,
          door_vault, minmay_shop_star
Depths:2: cheibrodos_salmonella, layout_gridville, abyss_entry, pan_entry,
          grunt_metal_band, serial_sigils_hangedman_gnaw, grunt_megastairs_4,
          minmay_shop_grove, uniq_josephina
Depths:3: grunt_crosshair, layout_honeycomb, abyss_entry_glasseish, hell_entry,
          nicolae_concentric_dashed_squares_mild
Depths:4: evilmike_zot_entry_round, layout_cave_pools, enter_ziggurat_e,
          abyss_entry, hangedman_decor_riveting, hangedman_coc_ice_floe,
          kennysheep_underground_church, uniq_xtahua
Zot:1:    lemuel_firehouse, layout_concentric_octagons, uniq_grunn
Zot:2:    grunt_twist_and_shout, layout_cathedral_of_symmetry
Zot:3:    gammafunk_mikee_crab_dinner, layout_twisted_circle,
          regret_index_zotdec_barnacled_simple,
          regret_index_zotdec_serpentine_scales, st_small_dragon_hoard_3
Zot:4:    gammafunk_its_a_trap, layout_misc_corridors, nicolae_lava_and_water,
          drop_trap, hangedman_zot_decor_tridents
Zot:5:    layout_gridlike, basic_altar

Skill      XL: |  1  2  3  4  5  6  7  8  9 10 11 12 13 14 15 16 17 18 19 20 21 22 23 24 25 26 |
---------------+-------------------------------------------------------------------------------+-----
Stealth        | 1 2 3 4 5 7 9 11 13 14 16 17 18 19 20 21 22 23 24 25 26 | 26.3
Shapeshifting  | 1 2 3 4 5 7 8 9 10 11 12 13 14 15 16 17 18 19 20 | 20.7
Dodging        | 4 5 6 7 8 9 10 11 12 13 14 15 16 17 | 17.0
Fighting       | 4 5 6 7 8 9 10 11 12 13 14 15 16 17 | 17.2
Unarmed Combat | 4 5 6 7 8 9 10 11 12 13 14 15 16 | 16.6
Evocations     | 2 4 5 7 8 9 10 11 12 13 15 16 17 18 | 18.9
Invocations    | 3 4 6 7 8 9 10 11 12 13 14 15 16 | 16.1
Staves         | 2 6 8 10 12 | 12.0
Earth Magic    | 1 4 |  4.0

Action                     |  1- 3 |  4- 6 |  7- 9 | 10-12 | 13-15 | 16-18 | 19-21 | 22-24 | 25-27 || total
---------------------------+-------+-------+-------+-------+-------+-------+-------+-------+-------++-------
  Melee: Unarmed           |    65 |    86 |   167 |   546 |   905 |  1151 |   827 |   719 |   559 ||  5025
         Tentacles         |    10 |    27 |    46 |   182 |    45 |       |       |       |       ||   310
         Constrict         |    19 |    25 |    36 |   104 |   170 |   222 |       |       |       ||   576
         Punch             |     2 |     4 |    12 |    42 |    15 |    16 |   115 |   115 |    95 ||   416
         Tailslap          |       |       |       |       |       |    61 |   192 |   173 |   146 ||   572
         Bite              |       |       |       |       |       |    49 |   152 |   115 |   122 ||   438
   Cast: Passwall          |       |       |       |       |       |       |     3 |     6 |     3 ||    12
 Invoke: Ancestor Life: He |       |       |     1 |       |       |       |       |       |       ||     1
         Recall Ancestor   |       |       |     5 |    11 |     9 |     8 |     1 |     3 |       ||    37
         Idealise          |       |       |       |     1 |     2 |     2 |     1 |     3 |     1 ||    10
         Transference      |       |       |       |       |       |     2 |       |     1 |     1 ||     4
Ability: Breathe Fire      |       |       |       |       |       |     1 |     2 |     1 |       ||     4
  Evoke: Wand              |       |     3 |     6 |    21 |    12 |     8 |    18 |    86 |    10 ||   164
         Box of beasts     |       |       |       |       |       |     1 |     1 |     1 |       ||     3
         Phantom mirror    |       |       |       |       |       |     1 |       |     1 |       ||     2
         Tin of tremorston |       |       |       |       |       |       |       |     3 |       ||     3
    Use: Scroll            |       |     4 |     3 |     6 |     8 |    17 |     4 |     8 |     4 ||    54
         Potion            |       |       |       |     2 |     6 |    11 |     3 |    16 |    15 ||    53
   Stab: Sleeping          |    11 |     5 |     2 |    10 |     8 |    37 |    18 |     7 |     6 ||   104
         Paralysed         |       |       |     6 |    13 |    28 |   109 |    66 |    39 |    20 ||   281
         Distracted        |       |       |     3 |    11 |    15 |    30 |    17 |    17 |    22 ||   115
         Confused          |       |       |     3 |    19 |    22 |    36 |    93 |    70 |    54 ||   297
         Invisible         |       |       |     2 |       |       |       |       |     1 |     2 ||     5
 Armour: Skin              |    19 |    29 |    62 |   172 |   361 |   636 |   470 |   439 |   306 ||  2494
  Dodge: Dodged            |    33 |    38 |    86 |   553 |   909 |  1008 |   564 |   544 |   370 ||  4105
  Block: Other             |       |       |       |       |       |       |       |    37 |    67 ||   104
   Form: Serpent           |       |       |       |       |     1 |     2 |       |       |       ||     3
                           |       |       |       |       |       |     2 |       |       |       ||     2
         Dragon            |       |       |       |       |       |     1 |       |       |       ||     1

Table legend: (Time is in decaauts)
 A = Elapsed time spent in this place.
 B = Non-inter-level travel time spent in this place.
 C = Inter-level travel time spent in this place.
 D = Time resting spent in this place.
 E = Time spent auto-exploring this place.
 F = Levels seen in this place.
 G = Mean time per level.
                   A        B        C        D        E       F      G
               +--------+--------+--------+--------+--------+-----+--------+
         Total |  60740 |  54357 |   6383 |   9369 |  31993 |  48 | 1265.4 |
       Dungeon |  17235 |  14704 |   2531 |   1760 |   9369 |  15 | 1149.0 |
          Lair |   7373 |   6221 |   1152 |    589 |   3947 |   5 | 1474.6 |
         Swamp |   3285 |   3053 |    232 |    305 |   1885 |   4 |  821.2 |
     Snake Pit |   4612 |   4323 |    289 |    502 |   2678 |   4 | 1153.0 |
    Slime Pits |   5634 |   5170 |    464 |   1900 |   2159 |   5 | 1126.8 |
  Orcish Mines |   1595 |   1462 |    133 |     49 |    959 |   2 |  797.5 |
        Vaults |   5633 |   5138 |    495 |    234 |   3882 |   4 | 1408.2 |
        Depths |   6524 |   5887 |    637 |   1365 |   2966 |   4 | 1631.0 |
           Zot |   8847 |   8400 |    447 |   2662 |   4148 |   5 | 1769.4 |
               +--------+--------+--------+--------+--------+-----+--------+

Top non-repeatable levels by time:
 Slime:5: 2499 daAuts
Depths:2: 2269 daAuts
   Zot:2: 2112 daAuts
   Zot:3: 1989 daAuts
  Lair:5: 1925 daAuts
   Zot:1: 1862 daAuts
    D:11: 1862 daAuts
  Lair:2: 1772 daAuts
Depths:3: 1733 daAuts
   Zot:5: 1695 daAuts
Vaults:4: 1674 daAuts
Vaults:2: 1577 daAuts
    D:13: 1534 daAuts
Depths:4: 1503 daAuts
 Snake:4: 1480 daAuts
